[Event "Titled Tuesday Blitz September 27 Late 2022"]
[White "Barria Zuniga, Daniel"]
[Black "Zhigalko, Sergei"]
[WhiteFideId "3400816"]
[BlackFideId "13502956"]
[WhiteElo "2414"]
[BlackElo "2662"]
[Result "0-1"]
[Round "03"]
[TimeControl "180+1"]
[Date "2022.09.27"]
[WhiteClock "0:00:05"]
[BlackClock "0:00:54"]

1. d4 Nf6 2. c4 e6 3. Nf3 b6 4. g3 Ba6 5. Qc2 Bb4+ 6. Nbd2 Bb7 7. Bg2 Be4 8. Qd1 O-O 9. O-O Bxd2 10. Qxd2 d6 11. b3 Nbd7 12. Bb2 a5 13. Rad1 Qb8 14. Rfe1 b5 15. Bf1 a4 16. Bc1 axb3 17. axb3 bxc4 18. bxc4 Qb3 19. Qe3 Bc2 20. Qxb3 Bxb3 21. Rd3 Bxc4 22. Rc3 Nb6 23. Nd2 d5 24. Nxc4 Nxc4 25. e4 Ra4 26. Bf4 c6 27. Bxc4 dxc4 28. f3 Rd8 29. Be3 Ne8 30. Rec1 Nd6 31. Bf4 Nb5 32. Rxc4 Rxc4 33. Rxc4 Nxd4 34. Kf2 f6 35. Be3 Nb5 36. Rxc6 e5 37. Rc5 Rb8 38. Rd5 Rb7 39. g4 Kf7 40. h4 Ke6 41. Rc5 Nd6 42. Rc6 Kd7 43. Ra6 Rb2+ 44. Kg3 Rb3 45. Bc5 Nxe4+ 46. Kg2 Nxc5 47. Ra7+ Rb7 0-1


[Site "https://www.chess.com"]

[Event "Titled Tuesday Blitz September 27 Late 2022"]
[White "Baskakov, Egor"]
[Black "Martinez Alcantara, Jose Eduardo"]
[WhiteFideId "24197866"]
[BlackFideId "3805662"]
[WhiteElo "2211"]
[BlackElo "2703"]
[Result "0-1"]
[Round "03"]
[TimeControl "180+1"]
[Date "2022.09.27"]
[WhiteClock "0:00:07"]
[BlackClock "0:00:14"]

1. e4 c5 2. Nf3 d6 3. d4 cxd4 4. Nxd4 Nf6 5. Nc3 Nc6 6. g3 e6 7. Bg2 Bd7 8. O-O a6 9. a4 Be7 10. Nce2 Rc8 11. b3 Nxd4 12. Nxd4 O-O 13. c4 Qc7 14. Be3 Rfd8 15. h3 Qb8 16. Qd2 Bc6 17. Qd3 Nd7 18. b4 Ne5 19. Qe2 Be8 20. Rfc1 Bf6 21. a5 h6 22. Rab1 Qc7 23. Nb3 Nd7 24. c5 dxc5 25. Nxc5 Nxc5 26. Bxc5 Bb5 27. Qe3 Rd3 28. Qe1 Qd7 29. e5 Bg5 30. Rd1 Bd2 31. Qe4 Bc6 32. Qe2 Bxg2 33. Kxg2 Qd5+ 34. Kg1 Rd8 35. Bd6 Rd4 36. b5 Bxa5 37. bxa6 bxa6 38. Rxd4 Qxd4 39. Qxa6 Qe4 40. Qb7 Qc2 41. Qb2 Qe4 42. Qb7 Qf5 43. Rd1 Qxh3 44. Qa7 Qh5 45. Rd3 Rc8 46. Bc5 Qxe5 47. Be3 Bc7 48. Qb7 Rd8 49. Rxd8+ Bxd8 50. Qd7 Qf6 51. Bd4 Qe7 52. Qc8 Kh7 53. Qc2+ f5 54. Qc6 Qf7 55. Qd6 Bf6 56. Be3 Kg6 57. Qc6 Qe7 58. Kg2 Kf7 59. Qf3 Qd7 60. Qh5+ Kg8 61. Qf3 Qd5 62. Qxd5 exd5 63. Kf3 Kf7 64. Kf4 Ke6 65. Kf3 g5 66. Bd2 g4+ 67. Ke2 h5 68. Bf4 h4 69. gxh4 Bxh4 70. f3 Bf6 71. fxg4 fxg4 72. Kf2 Kf5 73. Be3 Ke4 74. Bh6 Be5 75. Kg2 d4 76. Kf2 d3 77. Kg2 Bf4 0-1


[Site "https://www.chess.com"]

[Event "Titled Tuesday Blitz September 27 Late 2022"]
[White "Besedes, Danilo"]
[Black "Beerdsen, Thomas"]
[WhiteFideId "946796"]
[BlackFideId "1030108"]
[WhiteElo "2352"]
[BlackElo "2567"]
[Result "1/2-1/2"]
[Round "03"]
[TimeControl "180+1"]
[Date "2022.09.27"]
[WhiteClock "0:00:07"]
[BlackClock "0:00:30"]

1. d4 h6 2. e4 g5 3. Nc3 Bg7 4. Be3 a6 5. a4 Nc6 6. g3 d5 7. e5 Bf5 8. Bd3 Bxd3 9. Qxd3 e6 10. f4 gxf4 11. Bxf4 Nge7 12. Nf3 Nf5 13. Ne2 Nb4 14. Qd2 Qe7 15. c3 Nc6 16. b4 a5 17. b5 Nb8 18. Qd3 Nd7 19. O-O Nb6 20. Nd2 O-O-O 21. c4 dxc4 22. Nxc4 Nxc4 23. Qxc4 Qb4 24. Rac1 Qxc4 25. Rxc4 Kb8 26. g4 Ne7 27. Nc3 Rd7 28. Be3 Nc8 29. Ne4 Nb6 30. Rc2 Nd5 31. Bd2 b6 32. Rc4 Rhd8 33. h3 Kb7 34. Kg2 Bf8 35. Bc1 Nb4 36. Bb2 Nd5 37. Rf3 Be7 38. h4 Bxh4 39. Kh3 Bg5 40. Nxg5 hxg5 41. Bc1 Nb4 42. Be3 Rg8 43. Rf6 Nd5 44. Rf3 f6 45. exf6 Rf7 46. Rc6 Nxf6 47. Rxe6 Rh7+ 48. Kg3 Nd5 49. Rf5 Nc3 50. d5 Rd8 51. d6 Rxd6 52. Rxd6 cxd6 53. Rxg5 Ne4+ 54. Kf4 Nxg5 55. Kxg5 Rh3 56. Bf4 d5 57. Kf5 d4 58. g5 d3 59. g6 Rh5+ 60. Kf6 Rh4 61. Bg5 Rg4 62. g7 Rxg5 63. Kxg5 d2 64. g8=Q d1=Q 65. Qf7+ Kc8 66. Qe6+ Kb7 67. Qc6+ Ka7 68. Qc7+ Ka8 69. Qc8+ Ka7 70. Qa6+ Kb8 71. Qxb6+ Kc8 72. Qc6+ Kb8 73. Qb6+ Kc8 74. Qa6+ Kb8 75. Qb6+ 1/2-1/2


[Site "https://www.chess.com"]

[Event "Titled Tuesday Blitz September 27 Late 2022"]
[White "Bluebaum, Matthias"]
[Black "Goltsev, Dmitry"]
[WhiteFideId "24651516"]
[BlackFideId "24176710"]
[WhiteElo "2633"]
[BlackElo "2257"]
[Result "1/2-1/2"]
[Round "03"]
[TimeControl "180+1"]
[Date "2022.09.27"]
[WhiteClock "0:00:04"]
[BlackClock "0:00:09"]

1. d4 Nf6 2. c4 e6 3. Nc3 Bb4 4. e3 Qe7 5. Bd3 O-O 6. Bd2 b6 7. Nf3 Bb7 8. Qc2 d6 9. e4 e5 10. O-O Nbd7 11. Rfe1 exd4 12. Nxd4 Ne5 13. Nf5 Qd7 14. f3 c6 15. a3 Bc5+ 16. Kh1 d5 17. exd5 Nxd3 18. Qxd3 cxd5 19. b4 Bd6 20. Nxd6 Qxd6 21. Bg5 Rfd8 22. cxd5 Rac8 23. Rad1 h6 24. Bh4 Rd7 25. Qd4 Nxd5 26. Bg3 Qg6 27. Ne4 Rc2 28. Rc1 Rxg2 29. Rg1 Rxg1+ 30. Rxg1 Qf5 31. Rf1 Nf4 32. Qe3 Nh3 33. Nd6 Qe6 34. Qxe6 fxe6 35. Nxb7 Rxb7 36. f4 g5 37. Kg2 Nxf4+ 38. Bxf4 gxf4 39. Rxf4 Rg7+ 40. Kh3 Rf7 41. Re4 Rf3+ 42. Kg4 Rf6 43. b5 Kg7 44. Ra4 Rf7 45. Re4 Re7 46. Kf4 Kf6 47. Rc4 Rd7 48. Ke4 Rd5 49. a4 Rd2 50. Rc7 Rxh2 51. Rxa7 Rh4+ 52. Kd3 Rg4 53. Kc3 h5 54. Kb3 h4 55. Rb7 h3 56. Rh7 Rg3+ 57. Kb4 Kg5 58. a5 Rg4+ 59. Ka3 bxa5 60. Rxh3 Rb4 61. Rb3 Rd4 62. b6 Rd8 63. b7 Rb8 64. Ka4 Kf4 65. Kxa5 e5 66. Kb6 e4 67. Rb4 Kf3 68. Kc7 Rxb7+ 69. Kxb7 e3 70. Rb3 Kf2 71. Kc6 e2 72. Rb2 Kf1 73. Rb1+ e1=Q 74. Rxe1+ Kxe1 1/2-1/2


[Site "https://www.chess.com"]

[Event "Titled Tuesday Blitz September 27 Late 2022"]
[White "Bortnyk, Mykola"]
[Black "Nasuta, Grzegorz"]
[WhiteFideId "14120836"]
[BlackFideId "1141686"]
[WhiteElo "2582"]
[BlackElo "2354"]
[Result "1-0"]
[Round "03"]
[TimeControl "180+1"]
[Date "2022.09.27"]
[WhiteClock "0:00:56"]
[BlackClock "0:00:02"]

1. e4 e5 2. Nf3 Nc6 3. Bb5 a6 4. Ba4 Nf6 5. Qe2 b5 6. Bb3 Bc5 7. c3 O-O 8. d3 d5 9. Bg5 dxe4 10. dxe4 h6 11. Bh4 Be7 12. O-O Bg4 13. Rd1 Qc8 14. Nbd2 Re8 15. a4 Rb8 16. axb5 axb5 17. h3 Be6 18. Bc2 Nh5 19. Bxe7 Nf4 20. Qe3 Rxe7 21. Nf1 f6 22. Ng3 Re8 23. b4 Ne7 24. Ra7 Neg6 25. Qc5 Rb7 26. Rxb7 Qxb7 27. Nf5 Nf8 28. Ra1 Bxf5 29. exf5 Nxh3+ 30. Kh2 Nf4 31. Ra7 Qb8 32. Rxc7 Rd8 33. Qe7 Nh5 34. Qf7+ Kh8 35. Bb3 1-0


[Site "https://www.chess.com"]

[Event "Titled Tuesday Blitz September 27 Late 2022"]
[White "Bortnyk, Olexandr"]
[Black "Mikhailov, Viacheslav"]
[WhiteFideId "14120828"]
[BlackFideId "4187369"]
[WhiteElo "2723"]
[BlackElo "2381"]
[Result "1-0"]
[Round "03"]
[TimeControl "180+1"]
[Date "2022.09.27"]
[WhiteClock "0:00:02"]
[BlackClock "0:00:11"]

1. d4 Nf6 2. Nc3 g6 3. Bf4 Bg7 4. e3 O-O 5. h4 d6 6. h5 c5 7. hxg6 hxg6 8. Qd2 Nc6 9. d5 Ne5 10. Nf3 Nxf3+ 11. gxf3 Nh5 12. Rxh5 gxh5 13. Bd3 e5 14. dxe6 Bxe6 15. O-O-O c4 16. Be4 d5 17. Bxd5 Bxd5 18. Nxd5 c3 19. bxc3 Qa5 20. Rg1 Rfd8 21. Rxg7+ Kxg7 22. Qd4+ Kg8 23. Bh6 f6 24. Qxf6 Rd7 25. Qe6+ Kh8 26. Qxd7 Rg8 27. Nf6 Qf5 28. Qxf5 Rd8 29. Qh7# 1-0


[Site "https://www.chess.com"]

[Event "Titled Tuesday Blitz September 27 Late 2022"]
[White "Buscar, Michael"]
[Black "Al Hosani, Omran"]
[WhiteFideId "2603616"]
[BlackFideId "9308733"]
[WhiteElo "2010"]
[BlackElo "2167"]
[Result "1-0"]
[Round "03"]
[TimeControl "180+1"]
[Date "2022.09.28"]
[WhiteClock "0:00:08"]
[BlackClock "0:00:02"]

1. Nf3 Nf6 2. g3 e6 3. Bg2 d5 4. c4 Be7 5. cxd5 exd5 6. d4 O-O 7. O-O c6 8. Ne5 Nbd7 9. Nd2 Nxe5 10. dxe5 Nd7 11. Nf3 Nc5 12. Re1 a5 13. Be3 Ne4 14. Nd2 Nxd2 15. Bxd2 Be6 16. Qa4 b5 17. Qc2 c5 18. f4 Qd7 19. e4 f5 20. exd5 Bxd5 21. Bxd5+ Qxd5 22. Be3 Rac8 23. Red1 Qe6 24. Qd2 b4 25. Qd5 Kf7 26. Rac1 Qxd5 27. Rxd5 Ke6 28. Rcd1 Rc6 29. b3 Rfc8 30. Kf2 a4 31. bxa4 c4 32. Rb5 c3 33. a5 c2 34. Rc1 Rc3 35. Bd2 Bc5+ 36. Ke2 Rc4 37. a6 Re4+ 38. Kd3 Rd4+ 39. Kxc2 b3+ 40. Kxb3 Rd3+ 41. Rc3 Rxc3+ 42. Bxc3 Bg1 43. Rb7 Bxh2 44. Rxg7 Ra8 45. Bd4 Rxa6 46. Rxh7 Kd5 47. Rxh2 Kxd4 48. Re2 Kd3 49. Re1 Kd2 50. Rg1 Ke3 51. a4 Kf2 52. Rc1 Kxg3 53. Rc4 Rb6+ 54. Kc3 Rb1 55. a5 Rb5 56. Ra4 Rc5+ 57. Kd4 Rc8 58. Kd5 Rd8+ 59. Kc6 Rc8+ 60. Kd7 Ra8 61. e6 Ra7+ 62. Ke8 Ra8+ 63. Kf7 Rxa5 64. Rxa5 Kxf4 65. e7 1-0


[Site "https://www.chess.com"]

[Event "Titled Tuesday Blitz September 27 Late 2022"]
[White "Bykov, Egor"]
[Black "Nogerbek, Kazybek"]
[WhiteFideId "34115290"]
[BlackFideId "13710427"]
[WhiteElo "2192"]
[BlackElo "2458"]
[Result "0-1"]
[Round "03"]
[TimeControl "180+1"]
[Date "2022.09.27"]
[WhiteClock "0:00:02"]
[BlackClock "0:00:17"]

1. d4 Nf6 2. c4 g6 3. Nc3 Bg7 4. e4 d6 5. Nf3 O-O 6. Be2 Bg4 7. Be3 Nfd7 8. Rc1 Nc6 9. d5 Bxf3 10. gxf3 Nb4 11. a3 Na6 12. h4 h5 13. f4 c6 14. f5 cxd5 15. cxd5 Nac5 16. Rg1 Nf6 17. fxg6 Qe8 18. Bxh5 Nxh5 19. Bxc5 fxg6 20. Be3 Qf7 21. Qg4 Kh7 22. Nd1 Nf6 23. Qg2 Rac8 24. Rc3 Nh5 25. Qg4 Bxc3+ 26. Nxc3 Rc4 27. Qg5 Qg7 28. Kd2 b5 29. f4 b4 30. axb4 Rxb4 31. Nd1 Nf6 32. Ke1 Nxe4 33. Qg4 Rf5 34. Qf3 Nf6 35. Qe2 Nxd5 36. Bd2 Nxf4 37. Qf3 Re4+ 38. Qxe4 Re5 39. Nc3 Rxe4+ 40. Nxe4 Qe5 0-1


[Site "https://www.chess.com"]

[Event "Titled Tuesday Blitz September 27 Late 2022"]
[White "Daggupati, Balaji"]
[Black "Namitbir Singh Walia"]
[WhiteFideId "2090759"]
[BlackFideId "35071068"]
[WhiteElo "2781"]
[BlackElo "1664"]
[Result "1-0"]
[Round "03"]
[TimeControl "180+1"]
[Date "2022.09.28"]
[WhiteClock "0:01:01"]
[BlackClock "0:00:19"]

1. e4 c5 2. Nf3 Nc6 3. Bb5 g6 4. O-O Bg7 5. Re1 e5 6. b4 Nxb4 7. c3 Nc6 8. Ba3 Qa5 9. Qb3 d6 10. d4 exd4 11. cxd4 Bxd4 12. Bb2 Be6 13. Bxc6+ bxc6 14. Qb7 Rc8 15. Nbd2 Qb6 16. Qxb6 axb6 17. Nxd4 cxd4 18. Bxd4 f6 19. Bxb6 Ne7 20. a4 c5 21. a5 Nc6 22. f4 Ra8 23. Nf3 Ke7 24. e5 fxe5 25. fxe5 Bd5 26. exd6+ Kxd6 27. Rad1 Nxa5 28. Re5 Kc6 29. Rdxd5 Kxb6 30. Rxc5 Rhc8 31. Rb5+ 1-0


[Site "https://www.chess.com"]

[Event "Titled Tuesday Blitz September 27 Late 2022"]
[White "Dounis, Alexandros"]
[Black "Fawzy, Adham"]
[WhiteFideId "4213238"]
[BlackFideId "10613129"]
[WhiteElo "2204"]
[BlackElo "2541"]
[Result "0-1"]
[Round "03"]
[TimeControl "180+1"]
[Date "2022.09.28"]
[WhiteClock "0:00:02"]
[BlackClock "0:00:15"]

1. Nf3 c5 2. e4 Nc6 3. d4 cxd4 4. Nxd4 Nf6 5. Nc3 e5 6. Ndb5 d6 7. Bg5 a6 8. Na3 b5 9. Nd5 Be7 10. Bxf6 Bxf6 11. c3 Bg5 12. Nc2 Rb8 13. g3 O-O 14. Bg2 Be6 15. O-O a5 16. a3 Ne7 17. Nce3 Bxe3 18. Nxe3 Qb6 19. Qd2 Rfd8 20. Rfd1 Bb3 21. Rdc1 Qc5 22. Qe2 Rbc8 23. Qh5 f6 24. Bh3 Rc7 25. c4 bxc4 26. Be6+ Kh8 27. Nxc4 Qd4 28. Qf7 Bxc4 29. Rxc4 Rxc4 30. Bxc4 d5 31. exd5 Qxc4 32. Qxe7 Qxd5 33. b4 h6 34. bxa5 Ra8 35. a4 Rxa5 36. h4 Kh7 37. Qb4 f5 38. h5 f4 39. Qc3 Rc5 40. Qa3 fxg3 41. Qxg3 e4 42. Qg6+ Kh8 43. Rb1 Qg5+ 44. Qxg5 Rxg5+ 45. Kf1 Rxh5 46. Ke2 Kh7 47. Ke3 Rf5 48. Kxe4 Rxf2 49. Ra1 Rf6 50. a5 Ra6 51. Kd5 g5 52. Kc5 Kg6 53. Kb5 Ra8 54. a6 g4 55. Kb6 Kg5 56. a7 h5 57. Kb7 Rf8 58. Ra5+ Kh4 59. a8=Q Rxa8 60. Kxa8 g3 61. Kb7 g2 62. Ra1 Kg3 63. Kc6 h4 64. Kd5 h3 65. Ke4 h2 66. Ra3+ Kg4 67. Ra8 g1=Q 68. Rg8+ Kh5 69. Rh8+ Kg6 70. Rg8+ Kf7 71. Rg2 Qxg2+ 0-1


[Site "https://www.chess.com"]

[Event "Titled Tuesday Blitz September 27 Late 2022"]
[White "Eisa Mohmood, Alkhoori"]
[Black "Wagner, Dennis"]
[WhiteFideId "9316116"]
[BlackFideId "24650684"]
[WhiteElo "1245"]
[BlackElo "2355"]
[Result "0-1"]
[Round "03"]
[TimeControl "180+1"]
[Date "2022.09.28"]
[WhiteClock "0:00:01"]
[BlackClock "0:00:09"]

1. e4 e5 2. Nf3 Nc6 3. Bb5 a6 4. Ba4 Nf6 5. d4 exd4 6. O-O Be7 7. Re1 b5 8. Bb3 d6 9. h3 O-O 10. c3 dxc3 11. Nxc3 Bb7 12. Nd5 Na5 13. Bc2 Nxd5 14. exd5 Bf6 15. Rb1 Nc4 16. b3 Nb6 17. Be4 Re8 18. Qd3 g6 19. Bd2 Qd7 20. Rbd1 a5 21. Bg5 Bg7 22. g4 b4 23. Nd2 Ba6 24. Qf3 Bc3 25. Kg2 Bb5 26. Rh1 a4 27. h4 axb3 28. axb3 Ra2 29. h5 Rf8 30. Rh3 f5 31. gxf5 gxf5 32. Bh6 Rf7 33. Bb1 Rb2 34. Rg3+ Kh8 35. Rg1 Nxd5 36. Qxd5 Bc6 0-1


[Site "https://www.chess.com"]

[Event "Titled Tuesday Blitz September 27 Late 2022"]
[White "Ermolaev, Andrey"]
[Black "Avalos Parra, Joao"]
[WhiteFideId "14112825"]
[BlackFideId "3402541"]
[WhiteElo "2246"]
[BlackElo "2173"]
[Result "1/2-1/2"]
[Round "03"]
[TimeControl "180+1"]
[Date "2022.09.28"]
[WhiteClock "0:00:13"]
[BlackClock "0:00:30"]

1. d4 d5 2. Nc3 e6 3. e4 Bb4 4. e5 c5 5. a3 Bxc3+ 6. bxc3 Nc6 7. Qg4 g6 8. Nf3 Qa5 9. Bd2 Qa4 10. Ra2 Bd7 11. h4 h6 12. Qf4 Rh7 13. dxc5 Qxf4 14. Bxf4 O-O-O 15. Bd3 Nge7 16. h5 Rf8 17. Ke2 Be8 18. Raa1 f5 19. exf6 Rxf6 20. Bd6 Nf5 21. hxg6 Bxg6 22. Bxf5 Bxf5 23. Rh4 Bxc2 24. Rah1 Be4 25. R1h2 Nd8 26. Ne5 Nf7 27. Nxf7 Rhxf7 28. f3 Bf5 29. Rxh6 Rxh6 30. Rxh6 Kd7 31. g4 Bb1 32. Rh8 Kc6 33. Rc8+ Kb5 34. Re8 Kc4 35. Rxe6 Kxc3 36. Re7 Rxe7+ 37. Bxe7 d4 38. Bf6 Kc4 39. f4 Kxc5 40. f5 Kd5 41. Bh4 b5 42. Kd2 a5 43. Be7 Be4 44. Bd8 b4 45. axb4 axb4 46. Be7 b3 47. Ba3 Bf3 48. g5 Bg4 49. f6 Bh5 50. Bb2 Bg6 51. Ba1 Kc4 52. Bb2 Bf7 53. Ba1 Kc5 54. Bb2 Kd5 55. Ba1 Ke4 56. Bb2 d3 57. Bc3 Bg6 58. Bb2 Kd5 59. Bc3 Kc4 60. Bb2 Kb4 61. Ke3 Kc4 62. Kd2 Kb4 63. Ke3 Ka4 64. Kd2 Kb5 65. Kc3 Kc6 66. Kxb3 Kd6 67. Kc3 Ke6 68. Kd2 Kf7 69. Bd4 Bf5 70. Be3 Kg6 71. Bf4 Be4 72. Be3 Bf5 73. Kc3 Kf7 74. Kd4 Bg6 75. Ke5 Kf8 76. Bd2 Kf7 77. Kf4 Bh5 78. Bb4 Bg6 79. Ke5 Bh5 80. Kf4 Be2 81. Kg3 Bh5 82. Kh4 Bg6 83. Kg4 Bh7 84. Kh5 Bg6+ 85. Kg4 Bh7 86. Kf4 Bg6 87. Ke3 Bh7 88. Bd6 Bg6 89. Bf4 Bh7 90. Kd4 Bg6 91. Bd2 Bh7 92. Kd5 Bg6 93. Kd6 Bh7 94. Ke5 Bg6 95. Kd4 Bh7 96. Ke5 Bg6 1/2-1/2


[Site "https://www.chess.com"]

[Event "Titled Tuesday Blitz September 27 Late 2022"]
[White "Ernst, Sipke"]
[Black "Van Foreest, Jorden"]
[WhiteFideId "1004689"]
[BlackFideId "1039784"]
[WhiteElo "2436"]
[BlackElo "2649"]
[Result "0-1"]
[Round "03"]
[TimeControl "180+1"]
[Date "2022.09.27"]
[WhiteClock "0:00:52"]
[BlackClock "0:02:14"]

1. d4 f5 2. Bf4 Nf6 3. e3 e6 4. h3 b6 5. Nf3 Bb7 6. Bd3 Bd6 7. Bxd6 cxd6 8. Nbd2 O-O 9. c3 Nc6 10. Qc2 Rc8 11. a3 Kh8 12. Rd1 a6 13. Qb1 b5 14. e4 fxe4 15. Nxe4 Qe7 16. O-O Na5 17. Nxf6 gxf6 18. Be4 Bxe4 19. Qxe4 Nc4 20. b3 d5 21. Qd3 Nb2 22. Qd2 Nxd1 23. Rxd1 Qxa3 0-1


[Site "https://www.chess.com"]

[Event "Titled Tuesday Blitz September 27 Late 2022"]
[White "Gascon Del Nogal, Jose Rafael"]
[Black "Manukyan, Artyom"]
[WhiteFideId "3902463"]
[BlackFideId "13305786"]
[WhiteElo "2473"]
[BlackElo "2078"]
[Result "1-0"]
[Round "03"]
[TimeControl "180+1"]
[Date "2022.09.28"]
[WhiteClock "0:00:09"]
[BlackClock "0:00:06"]

1. Nf3 d5 2. g3 e6 3. Bg2 Nf6 4. c4 Be7 5. O-O O-O 6. b3 b6 7. Bb2 Bb7 8. cxd5 Nxd5 9. Nc3 Nd7 10. Qc2 c5 11. h4 Nxc3 12. Bxc3 f5 13. d4 Be4 14. Qb2 Bf6 15. Rfd1 Qe7 16. dxc5 Bxc3 17. Qxc3 Qxc5 18. Qxc5 Nxc5 19. b4 Na4 20. Rd6 Nc3 21. Kf1 Rfe8 22. Nd4 Bxg2+ 23. Kxg2 Rad8 24. Rxd8 Rxd8 25. e3 Rd6 26. a4 g6 27. b5 e5 28. Nc6 Ne4 29. Ra2 Nc3 30. Ra3 Nd1 31. Kf1 e4 32. Nxa7 Nb2 33. Nc8 Re6 34. a5 Nc4 35. a6 Re8 36. a7 Rxc8 37. a8=Q Rxa8 38. Rxa8+ Kg7 39. Ra7+ Kh6 40. Rb7 g5 41. hxg5+ Kxg5 42. Rxh7 Na3 43. Rg7+ Kf6 44. Rb7 Nc4 45. Ke2 Ke5 46. Re7+ Kd6 47. Rf7 Ke6 48. Rb7 Kd5 49. Rf7 Ke6 50. Rh7 Ke5 51. Rh6 Kd5 52. Kf1 Nd6 53. Kg2 Nxb5 54. Rxb6 Nd6 55. Rxd6+ Kxd6 56. Kh3 Ke5 57. Kh4 Kf6 58. Kh5 Kf7 59. Kg5 Ke6 60. g4 fxg4 61. Kxg4 Kd5 62. Kf4 1-0


[Site "https://www.chess.com"]

[Event "Titled Tuesday Blitz September 27 Late 2022"]
[White "Girel, Joseph"]
[Black "Carlsen, Magnus"]
[WhiteFideId "36033561"]
[BlackFideId "1503014"]
[WhiteElo "2104"]
[BlackElo "2830"]
[Result "0-1"]
[Round "03"]
[TimeControl "180+1"]
[Date "2022.09.27"]
[WhiteClock "0:01:00"]
[BlackClock "0:02:02"]

1. d4 a6 2. Nf3 d5 3. c4 dxc4 4. e3 Bg4 5. Bxc4 e6 6. Nc3 Nc6 7. h3 Bh5 8. g4 Bg6 9. e4 Nf6 10. e5 Nd5 11. Bg5 Qd7 12. Rc1 Nb6 13. Bb3 Be7 14. Be3 O-O-O 15. Qe2 h5 16. g5 h4 17. Rg1 Kb8 18. Rd1 Bh5 19. Ne4 Nb4 0-1


[Site "https://www.chess.com"]

[Event "Titled Tuesday Blitz September 27 Late 2022"]
[White "Gokerkan, Cem Kaan"]
[Black "Karas, Marek"]
[WhiteFideId "6336760"]
[BlackFideId "14928558"]
[WhiteElo "2364"]
[BlackElo "2272"]
[Result "1-0"]
[Round "03"]
[TimeControl "180+1"]
[Date "2022.09.27"]
[WhiteClock "0:00:12"]
[BlackClock "0:00:01"]

1. c4 e5 2. d3 Nf6 3. Nf3 Nc6 4. a3 a5 5. Nc3 Bc5 6. e3 d6 7. Be2 Bb6 8. O-O Bg4 9. h3 Bh5 10. Rb1 O-O 11. b4 axb4 12. axb4 Re8 13. b5 Ne7 14. Na4 Ba5 15. e4 b6 16. Qc2 Nd7 17. Ra1 Nf8 18. Nc3 Bxc3 19. Rxa8 Qxa8 20. Qxc3 Ne6 21. Be3 Qa2 22. Nd2 Bxe2 23. Ra1 Qxa1+ 24. Qxa1 Bxd3 25. Qa3 Be2 26. f3 f5 27. Kf2 f4 28. Bxb6 cxb6 29. Kxe2 Nc8 30. Nb3 Kf7 31. Qa8 Rd8 32. Qb7+ Ke8 33. Kd2 h6 34. h4 Kf8 35. Nc1 Nc5 36. Qa8 Ke7 37. Ne2 Ke8 38. Nc3 Ne7 39. Qa7 Nd7 40. Nd5 Nxd5 41. exd5 Rc8 42. Kd3 Ke7 43. h5 Ke8 44. Ke4 Ke7 45. Kf5 Rf8+ 46. Kg6 Rf6+ 47. Kxg7 Rf7+ 48. Kxh6 Rf6+ 49. Kg5 Rf8 50. h6 Rg8+ 51. Kf5 Rh8 52. Kg6 Rg8+ 53. Kh5 Rxg2 54. Qc7 Rh2+ 55. Kg5 Rg2+ 56. Kf5 Rh2 57. c5 bxc5 58. b6 Rxh6 59. b7 Rh7 60. b8=Q Rf7+ 61. Ke4 1-0


[Site "https://www.chess.com"]

[Event "Titled Tuesday Blitz September 27 Late 2022"]
[White "Jobava, Baadur"]
[Black "Kalogeris, Ioannis"]
[WhiteFideId "13601520"]
[BlackFideId "4239563"]
[WhiteElo "2582"]
[BlackElo "2291"]
[Result "1-0"]
[Round "03"]
[TimeControl "180+1"]
[Date "2022.09.27"]
[WhiteClock "0:02:35"]
[BlackClock "0:01:16"]

1. e4 e5 2. Nf3 Nc6 3. Bc4 Bc5 4. c3 Nf6 5. d4 exd4 6. e5 d5 7. Be2 Ne4 8. cxd4 Bb4+ 9. Bd2 Nxd2 10. Nbxd2 O-O 11. O-O f6 12. Nb3 Kh8 13. a3 Be7 14. Re1 Bg4 15. h3 Bh5 16. Rc1 fxe5 17. dxe5 Qd7 18. e6 Qd6 19. Nc5 Rab8 20. Nd7 Qxe6 21. Nxb8 Rxb8 22. Nd4 Qf6 23. Nxc6 Bxe2 24. Qxe2 bxc6 25. Qxe7 1-0


[Site "https://www.chess.com"]

[Event "Titled Tuesday Blitz September 27 Late 2022"]
[White "Kamsky, Gata"]
[Black "Mustafayev, Farid"]
[WhiteFideId "2000024"]
[BlackFideId "13408771"]
[WhiteElo "2666"]
[BlackElo "2142"]
[Result "1-0"]
[Round "03"]
[TimeControl "180+1"]
[Date "2022.09.27"]
[WhiteClock "0:00:16"]
[BlackClock "0:00:18"]

1. d4 d5 2. Bf4 Nf6 3. e3 c5 4. c3 Nc6 5. Nd2 e6 6. Ngf3 Bd6 7. Bg3 O-O 8. Bd3 b6 9. Qe2 Bb7 10. Rd1 Qc7 11. e4 dxe4 12. Nxe4 Nxe4 13. Qxe4 g6 14. dxc5 Bxg3 15. hxg3 bxc5 16. Qe3 Qe7 17. Qh6 f6 18. Bxg6 hxg6 19. Qxg6+ Qg7 20. Qxg7+ Kxg7 21. Rd7+ Kg6 22. Rxb7 Rab8 23. Rhh7 Rxb7 24. Rxb7 Rc8 25. Ke2 Kf5 26. Nh4+ Ke4 27. Rd7 Rb8 28. b3 Rb6 29. f3+ Ke5 30. Ke3 f5 31. Ng6+ Kf6 32. Nf4 Ne7 33. c4 Ra6 34. Nd3 Rxa2 35. Nxc5 Rxg2 36. Rd6 Rxg3 37. Rxe6+ Kf7 38. Ra6 Nc8 39. Rc6 Rg8 40. Kf4 Rd8 41. Rc7+ Ne7 42. Rxa7 Kf6 43. Rd7 Rc8 44. Rd6+ Kf7 45. Nd3 Rb8 46. b4 Rc8 47. c5 Rh8 48. b5 Rh4+ 49. Kg5 Rh1 50. Ne5+ Ke8 51. Ra6 Rg1+ 52. Kf6 Nd5+ 53. Kxf5 Nc7 54. Rb6 Rh1 55. Rb8+ Ke7 56. b6 Nd5 57. Rb7+ Kd8 58. Rd7+ 1-0


[Site "https://www.chess.com"]

[Event "Titled Tuesday Blitz September 27 Late 2022"]
[White "Levitskiy, Andrey"]
[Black "Mickiewicz, Piotr"]
[WhiteFideId "14132885"]
[BlackFideId "1114891"]
[WhiteElo "2303"]
[BlackElo "2246"]
[Result "0-1"]
[Round "03"]
[TimeControl "180+1"]
[Date "2022.09.28"]
[WhiteClock "0:00:16"]
[BlackClock "0:00:10"]

1. e4 e5 2. Nf3 Nc6 3. Bc4 Bc5 4. c3 Nf6 5. d4 exd4 6. b4 Bb6 7. e5 d5 8. exf6 dxc4 9. b5 Na5 10. Qe2+ Be6 11. fxg7 Rg8 12. Nxd4 Qd5 13. f3 O-O-O 14. Be3 Rxg7 15. Nd2 Rdg8 16. g3 h5 17. O-O-O h4 18. Ne4 hxg3 19. Nf6 Qd6 20. Nxg8 g2 21. Rhg1 Qa3+ 22. Qb2 Qxb2+ 23. Kxb2 Rxg8 24. h4 Bh3 25. h5 Bc5 26. h6 b6 27. Nc2 Nb7 28. Bxc5 Nxc5 29. Ne3 Nd3+ 30. Kc2 Nf4 31. Rd4 Ne2 32. h7 Rh8 33. Rxg2 Nxd4+ 34. cxd4 Bxg2 35. Nxg2 Rxh7 36. Ne3 Rh5 37. a4 Kd7 38. Nxc4 Rh3 39. Kd2 Ke6 40. Ke3 Rh1 41. Kd3 Ra1 42. a5 bxa5 43. Ne3 Ra3+ 44. Ke4 Rxe3+ 45. Kxe3 Kd5 46. Kd3 a4 47. Kc3 a3 48. Kb3 Kxd4 49. Kxa3 Kc5 50. Ka4 c6 51. b6 axb6 52. f4 Kd5 53. Kb4 f6 54. f5 Ke5 55. Kc4 Kxf5 56. Kd4 Ke6 57. Ke4 f5+ 58. Kf4 Kf6 59. Kf3 c5 60. Ke3 c4 61. Kd4 b5 62. Kc3 Ke5 63. Kb4 Kd4 64. Kxb5 c3 65. Kb4 c2 66. Kb3 c1=Q 0-1


[Site "https://www.chess.com"]

[Event "Titled Tuesday Blitz September 27 Late 2022"]
[White "Lewtak, Damian"]
[Black "Pakleza, Zbigniew"]
[WhiteFideId "1141724"]
[BlackFideId "1119290"]
[WhiteElo "2329"]
[BlackElo "2411"]
[Result "1-0"]
[Round "03"]
[TimeControl "180+1"]
[Date "2022.09.28"]
[WhiteClock "0:00:21"]
[BlackClock "0:00:01"]

1. e4 d6 2. Nf3 Nf6 3. Nc3 Bg4 4. h3 Bh5 5. d4 e6 6. Be2 Be7 7. Be3 d5 8. exd5 exd5 9. Ne5 Bxe2 10. Qxe2 c6 11. Bg5 O-O 12. O-O Re8 13. Rae1 h6 14. Bh4 Nbd7 15. Nxd7 Qxd7 16. Qd3 Nh7 17. Bxe7 Rxe7 18. Re3 Rxe3 19. fxe3 Rd8 20. Rf4 Ng5 21. h4 Ne6 22. Rf2 Qe7 23. g3 g6 24. Re2 Qd6 25. Kg2 Ng7 26. e4 dxe4 27. Rxe4 Nf5 28. Ne2 c5 29. c3 cxd4 30. Nxd4 Qd5 31. Qf3 Ng7 32. a3 a6 33. Re7 Qxf3+ 34. Kxf3 b5 35. Ra7 Rd6 36. b4 h5 37. Ke4 Ne6 38. Nxe6 Rxe6+ 39. Kd4 Kg7 40. c4 bxc4 41. Kxc4 Kf6 42. a4 g5 43. hxg5+ Kg6 44. b5 axb5+ 45. axb5 Re4+ 46. Kc5 Re5+ 47. Kc6 Rxg5 48. Ra3 Rg4 49. b6 Rc4+ 50. Kb5 Rc8 51. b7 Rf8 52. Kc6 f5 53. Ra4 f4 54. Rxf4 1-0


[Site "https://www.chess.com"]